 Dungeon Crawl Stone Soup version 0.22-a0-612-gd2f0174 (webtiles) character file.

49 iamserjio the Chopper (level 3, 0/34 HPs)
             Began as a Naga Berserker on July 11, 2018.
             Was a Believer of Trog.
             Slain by a kobold (2 damage)
             ... on level 2 of the Dungeon.
             The game lasted 00:02:52 (378 turns).

iamserjio the Chopper (Naga Berserker)               Turns: 378, Time: 00:02:53

Health: 0/34       AC:  2    Str: 19    XL:     3   Next: 75%
Magic:  3/3        EV: 10    Int:  8    God:    Trog [**....]
Gold:   61         SH:  0    Dex: 10    Spells: 2/2 levels left

rFire    . . .     SeeInvis +   a - +0 hand axe
rCold    . . .     Gourm    .   (no shield)
rNeg     . . .     Faith    .   b - +0 animal skin
rPois    +         Spirit   .   (no helmet)
rElec    .         Reflect  .   (no cloak)
rCorr    .         Harm     .   (no gloves)
MR       .....                  (no barding)
Stlth    ++........             (no amulet)
HPRegen  0.11/turn              (no ring)
MPRegen  0.08/turn              (no ring)

@: berserk cooldown, starving, slowed, very slow
A: large, see invisible, deformed body, poison resistance, slowness 2, slow
metabolism 1, spit poison 1, AC +1
a: Spit Poison, Berserk, Trog's Hand, Renounce Religion


You were on level 2 of the Dungeon.
You worshipped Trog.
Trog was pleased with you.
You were starving.

You visited 1 branch of the dungeon, and saw 2 of its levels.

You collected 61 gold pieces.

Inventory:

Hand Weapons
 a - a +0 hand axe (weapon)
Armour
 b - a +0 animal skin (worn)
Jewellery
 h - an uncursed ring of protection from cold {unknown}
Scrolls
 e - a scroll of enchant weapon {unknown}
 f - 2 scrolls of identify {unknown}
 i - a scroll of remove curse {unknown}
 j - a scroll of noise {unknown}
Potions
 d - 3 potions of curing {unknown}
Comestibles
 c - 3 rations


   Skills:
 + Level 3.3 Fighting
 * Level 3.7 Axes
 + Level 2.0 Armour
 - Level 1.5 Dodging
 + Level 2.1 Stealth


You had 2 spell levels left.
You didn't know any spells.
Your spell library was empty.

Dungeon Overview and Level Annotations

Branches:
Dungeon (2/15)

Altars:


Innate Abilities, Weirdness & Mutations

You cannot wear boots.
Your serpentine skin is tough. (AC +1)
You have supernaturally acute eyesight. (SInv)
Armour fits poorly on your strangely shaped body.
Your system is resistant to poisons. (rPois)
You cover ground very slowly.
You have a slow metabolism.
You can spit poison.


Message History

The quokka skeleton barely misses you.
You hit the quokka skeleton.
The quokka skeleton is severely damaged.
The quokka skeleton bites you.
* * * LOW HITPOINT WARNING * * *
The quokka skeleton bites you.
* * * LOW HITPOINT WARNING * * *
You hit the quokka skeleton.
You destroy the quokka skeleton!
Trog accepts your kill.
You hit the kobold but do no damage.
Your skin stops crawling.
You feel less resistant to hostile enchantments.
The kobold hits you.
* * * LOW HITPOINT WARNING * * *
The kobold barely misses you.
You hit the kobold.
The kobold is moderately wounded.
The kobold hits you but does no damage. The kobold hits you.
You die...

#.....
#..... .#
#..<.. .#♣♣
#..... ....
##..... ..#
.......##..#
...........#
..8........#
.......@)..#
.......K...#
##.........#
........(..#
##.........#
##........#
.........#
#..P......#


You could see a kobold.

Vanquished Creatures
  An adder zombie (D:2)
  An adder skeleton (D:2)
  2 dart slugs
  2 leopard geckos
  A bat skeleton (D:2)
  4 giant cockroaches (D:1)
  2 goblins
  3 hobgoblins (D:1)
  4 kobolds (D:1)
  2 ball pythons
  5 bats
  4 frilled lizards (D:1)
  A giant cockroach zombie (D:2)
  A quokka skeleton (D:2)
  2 rats (D:1)
35 creatures vanquished.

Notes
Turn   | Place    | Note
-------+----------+-------------------------------------------
     0 | D:1      | iamserjio the Naga Berserker began the quest for the Orb.
     0 | D:1      | Reached XP level 1. HP: 21/21 MP: 1/1
   130 | D:1      | Reached XP level 2. HP: 17/28 MP: 2/2
   143 | D:1      | Reached skill level 1 in Stealth
   265 | D:1      | Reached ** piety under Trog
   265 | D:1      | Reached XP level 3. HP: 14/34 MP: 3/3
   378 | D:2      | Slain by a kobold

Vault maps used:
D:1:      dpeg_arrival_subterranean_lakeside_camping
D:2:      kb_forest_paths, grunt_temple_overflow_diamond, serial_undead,
          serial_undead_c, serial_undead_a, serial_undead_d, serial_undead_f,
          chequers_ecumenical_altar_simple_redux

Skill      XL: |  1  2  3 |
---------------+----------+-----
Stealth        | 1 2 |  2.1
Armour         | 2 |  2.0
Fighting       | |  3.3
Axes           | |  3.7
Dodging        | |  1.5

Action                   || total
-------------------------++-------
Melee: Hand axe          ||    71
Invok: Berserk           ||     3
       Trog's Hand       ||     1
 Abil: Spit Poison       ||     6
Armor: Animal skin       ||    22
Dodge: Dodged            ||    52

Table legend:
 A = Spawn XP
 B = Non-spawn XP
 C = Spawn XP percentage of total XP
 D = Spawn monster count
 E = Non-spawn monster count
 F = Spawn count percentage of total count
 G = Total turns spent on level
                    A         B        C        D         E        F      G
               +---------+---------+-------+---------+---------+-------+---------
         Total |       0 |      70 |   0.0 |       0 |      35 |   0.0 |   378
               +---------+---------+-------+---------+---------+-------+---------
           D:1 |       0 |      43 |   0.0 |       0 |      25 |   0.0 |   354
           D:2 |       0 |      27 |   0.0 |       0 |      10 |   0.0 |    24
               +---------+---------+-------+---------+---------+-------+---------
